 Dungeon Crawl Stone Soup version 0.30-a0-55-g90e3122c3a (webtiles) character file.

Game seed: 6594034880180929997

97696 Decritt the Cloud Mage (level 16, -5/97 HPs)
             Began as a Tengu Air Elementalist on Sept 10, 2022.
             Was the Champion of Vehumet.
             Killed from afar by an ironbound frostheart (29 damage)
             ... by creeping frost
             ... in an ice cave.
             The game lasted 02:12:24 (48920 turns).

Decritt the Cloud Mage (Tengu Air Elementalist)    Turns: 48920, Time: 02:12:25

Health: -5/97      AC: 10    Str: 12    XL:     16   Next: 20%
Magic:  26/41      EV: 26    Int: 22    God:    Vehumet [******]
Gold:   1720       SH: 16    Dex: 21    Spells: 24/38 levels left

rFire   . . .      SeeInvis .    y - +2 dagger of the Gibberer {drain, Fragile Fly rPois rC++ Str+2}
rCold   + + .      Faith    .    Q - +3 kite shield
rNeg    . . .      Spirit   .    L - +2 robe {Archmagi}
rPois   +          Reflect  .    (helmet restricted)
rElec   .          Harm     .    u - +1 cloak
rCorr   .          Rampage  .    f - +2 pair of gloves
Will    +....      Archmagi +    (boots unavailable)
Stlth   ++........               N - amulet of magic regeneration
HPRegen 0.26/turn                C - +6 ring of dexterity
MPRegen 0.67/turn                i - ring of magical power

@: brilliant, frozen, flying quickly and evasively, slow
A: beak, talons 3, nimble flight
a: Renounce Religion


You were in an ice cave.
You worshipped Vehumet.
Vehumet was exalted by your worship.
You visited 5 branches of the dungeon, and saw 22 of its levels.
You also visited: Ossuary and Ice Cave.

You collected 2401 gold pieces.
You spent 681 gold pieces at shops.

Inventory:

Hand Weapons
 v - a +2 vorpal morningstar
 y - the +2 dagger of the Gibberer (weapon) {drain, Fragile Fly rPois rC++ Str+2}
   (You found it on level 2 of the Lair of Beasts)

   A truly terrible weapon, it drains the life of any living foe it strikes.
   Str:       It affects your strength (+2).
   rC:        It greatly protects you from cold.
   rPois:     It protects you from poison.
   Fly:       It grants you flight.
   Fragile:   It will be destroyed if unequipped.
Missiles
 g - 4 silver javelins (quivered)
 k - 20 boomerangs
 s - 10 javelins
 T - a throwing net
Armour
 f - a +2 pair of gloves (worn)
 u - a +1 cloak (worn)
 L - a +2 robe of the Archmagi (worn)
 M - the +1 robe of the Hart {rPois rN+++ Will+ Int-2 SInv}
   (You found it on level 1 of the Lair of Beasts)

   Int:       It affects your intelligence (-2).
   rPois:     It protects you from poison.
   rN:        It renders you almost immune to negative energy.
   SInv:      It lets you see invisible.
   Will:      It increases your willpower.
 P - an orb of guile
 Q - a +3 kite shield (worn)
Jewellery
 i - a ring of magical power (right hand)
 q - a ring of resist corrosion
 z - a +4 ring of evasion
 C - a +6 ring of dexterity (left hand)
 I - a ring of protection from cold
 N - an amulet of magic regeneration (around neck)
 O - a ring of wizardry
 R - the ring of the Living God {rF+ Str+7 Stlth+}
   (You found it on level 12 of the Dungeon)

   [ring of protection from fire]

   Str:       It affects your strength (+7).
   rF:        It protects you from fire.
   Stlth:     It makes you more stealthy.
 S - a +6 ring of strength
Wands
 d - a wand of roots (5)
 w - a wand of polymorph (21)
 x - a wand of paralysis (16)
 A - a wand of mindburst (9)
 B - a wand of flame (54)
 F - a wand of acid (2)
Scrolls
 a - 4 scrolls of immolation
 h - 4 scrolls of poison
 j - 6 scrolls of teleportation
 l - 5 scrolls of torment
 n - 3 scrolls of fog
 p - 2 scrolls of fear
 r - a scroll of identify
 H - 2 scrolls of magic mapping
 J - 5 scrolls of amnesia
 K - 2 scrolls of vulnerability
Potions
 b - 2 potions of magic
 c - 2 potions of haste
 e - 2 potions of cancellation {unknown}
 m - a potion of ambrosia
 o - 4 potions of heal wounds
 t - 6 potions of mutation
 D - 3 potions of brilliance
 E - 7 potions of curing
 G - 2 potions of resistance


   Skills:
 - Level 10.0 Fighting
 - Level 5.5 Armour
 + Level 14.5 Dodging
 - Level 2.0 Stealth
 * Level 9.6 Shields
 + Level 11.9 Spellcasting
 - Level 4.1 Conjurations
 + Level 21.3 Air Magic


You had 24 spell levels left.
You knew the following spells:

 Your Spells              Type           Power      Damage    Failure   Level
a - Conjure Ball Lightni  Conj/Air       51%        3x3d18    2%          6
b - Airstrike             Air            63%        2d(10-26) 0%          4
c - Shock                 Conj/Air       100%       1d9       1%          1
d - Swiftness             Air            100%       N/A       0%          3

Your spell library contained the following spells:

 Spells                   Type           Power      Damage    Failure   Level
 Spellforged Servitor     Conj/Summ      25%        N/A       100%        7
 Poisonous Vapours        Pois/Air       100%       N/A       1%          2
 Static Discharge         Conj/Air       100%       3-10/arc  1%          2
 Freeze                   Ice            100%       1d11      3%          1
 Sandblast                Erth           58%        2d13      3%          1
 Stone Arrow              Conj/Erth      100%       3d13      4%          3
 Frozen Ramparts          Ice            58%        1d9       10%         3
 Beastly Appendage        Tmut           58%        N/A       12%         1
 Sting                    Tmut/Pois      100%       1d8       12%         1
 Hailstorm                Conj/Ice       50%        3d11      13%         4
 Ensorcelled Hibernation  Hex/Ice        58%        N/A       17%         2
 Passwall                 Tmut/Erth      24%        N/A       17%         2
 Sublimation of Blood     Necr           29%        N/A       17%         2
 Wereblood                Tmut           29%        N/A       17%         2
 Olgreb's Toxic Radiance  Pois           29%        N/A       28%         4
 Confusing Touch          Hex            29%        N/A       34%         3
 Gell's Gravitas          Tloc           29%        N/A       34%         3
 Lesser Beckoning         Tloc           29%        N/A       34%         3
 Spider Form              Tmut/Pois      29%        N/A       34%         3
 Teleport Other           Tloc           29%        N/A       34%         3
 Yara's Violent Unravell  Hex/Tmut       14%        3d7       58%         5
 Cause Fear               Hex            14%        N/A       75%         4
 Ice Form                 Ice/Tmut       29%        N/A       75%         4
 Summon Ice Beast         Ice/Summ       29%        N/A       75%         4
 Dispersal                Tloc           14%        N/A       100%        6
 Dragon Form              Tmut           14%        N/A       100%        7
 Enfeeble                 Hex            14%        N/A       100%        7
 Ozocubu's Refrigeration  Ice            14%        4d10      100%        7
 Summon Hydra             Summ           14%        N/A       100%        7
 Disjunction              Tloc           14%        N/A       100%        8
 Ignition                 Fire           14%        3d6       100%        8
 Dragon's Call            Summ           14%        N/A       100%        9


Dungeon Overview and Level Annotations

Branches:
Dungeon (13/15)            Temple (1/1) D:4            Lair (5/5) D:10
 Shoals (0/4) Lair:2        Snake (1/4) Lair:3        Slime (0/5) Lair:4
    Orc (2/2) D:12            Elf (0/3) Orc:2        Vaults (0/5) D:13
Ossuary (visited)           IceCv (1/1)

Altars:
Ashenzari
Cheibriados
Dithmenos
Elyvilon
Fedhas
Gozag
Hepliaklqana
Kikubaaqudgha
Makhleb
Nemelex Xobeh
Okawaru
Qazlal
Ru
Sif Muna
Trog
Uskayaw
Vehumet
Wu Jian
Xom
Yredelemnul
Zin
The Shining One

Shops:
D:6 [   D:8 *(![   D:13 *   Orc:1 =   Orc:2 (*[[

Annotations:
D:4 1 runed translucent door, niknal's ghost, amateur TrWr
Lair:4 1 runed translucent door


Innate Abilities, Weirdness & Mutations

You have a beak for a mouth.
You have claws for feet.
Your magical nature lets you fly swiftly and evasively.


Message History

Aiming: Airstrike (safe; 0% risk of failure)
Press: ? - help, Dir - move target, f/p - polar bear
Aim: a polar bear (severely wounded, empty space bonus: 5/8)
You feel a strong surge of power!
The air twists around and strikes the polar bear!!
You kill the polar bear!
Vehumet accepts your kill.
You feel your power returning.
Casting: Airstrike (safe; 0% risk of failure)
Confirm with . or Enter, or press ? or * to list all spells.
Aiming: Airstrike (safe; 0% risk of failure)
Press: ? - help, Dir - move target, f - rime drake
Aim: a rime drake (empty space bonus: 6/8)
You feel a strong surge of power!
The air twists around and strikes the rime drake!
The rime drake is moderately wounded.
Casting: Airstrike (safe; 0% risk of failure)
Confirm with . or Enter, or press ? or * to list all spells.
Aiming: Airstrike (safe; 0% risk of failure)
Press: ? - help, Dir - move target, f/p - rime drake
Aim: a rime drake (lightly wounded, empty space bonus: 6/8)
You feel a strong surge of power!
The air twists around and strikes the rime drake!
The rime drake is heavily wounded.
The ironbound frostheart calls freezing cold from the walls.
The frost grips you!! You partially resist.
* * * LOW HITPOINT WARNING * * *
You are encased in ice.
Casting: Airstrike (safe; 0% risk of failure)
Confirm with . or Enter, or press ? or * to list all spells.
Aiming: Airstrike (safe; 0% risk of failure)
Press: ? - help, Dir - move target, f/p - rime drake
Aim: a rime drake (heavily wounded, empty space bonus: 4/8)
You feel a strong surge of power!
The air twists around and strikes the rime drake.
The rime drake is severely wounded.
You block the rime drake's attack.
The ironbound frostheart calls freezing cold from the walls.
The frost grips you!! You partially resist.
You die...

#### #### ##..##
##..#####....##
#....##.......#
..k...#.....÷.∩.∩.#
..Du. ##...pk@....#
.Dk# ##..##....##
p. ######..## .
####


You could see an ironbound frostheart and a rime drake.

Vanquished Creatures
  Frances (D:12)
  A storm dragon (D:12)
  A fire giant (D:12)
  A frost giant (D:12)
  An ettin (D:12)
  Josephine (D:9)
  Erolcha (D:8)
  5 vault guards (D:13)
  Harold (Orc:1)
  4 hydras
  An ogre mage (D:13)
  An ice dragon (IceCv)
  2 two-headed ogres
  4 catoblepae
  A centaur warrior (D:13)
  4 boulder beetles
  An anaconda (Snake:1)
  17 death yaks
  Sonja (D:12)
  A deep elf knight (D:13)
  Lodul (D:11)
  2 deep elf pyromancers (D:12)
  12 orc knights
  2 orc sorcerers (Orc:2)
  7 ugly things
  8 manticores
  Maurice (D:9)
  4 cyclopes
  7 elephants
  6 black mambas
  Joseph (D:9)
  A merfolk siren (Lair:2)
  Maggie (Lair:2)
  3 gargoyles
  11 cane toads
  2 unseen horrors (D:12)
  9 komodo dragons
  A kobold demonologist (D:11)
  7 rime drakes
  An anaconda simulacrum (Snake:1)
  11 trolls
  A tengu conjurer (D:13)
  2 polar bears
  4 blink frogs (Lair:5)
  5 dream sheep (Lair:5)
  16 slime creatures
  2 dire elephant simulacra (Snake:1)
  A human (D:13)
  3 wyverns
  A shadow (D:11)
  10 wraiths
  68 yaks
  2 vampires (D:13)
  4 basilisks
  2 steam dragons
  3 minotaur simulacra (Snake:1)
  13 vampire mosquitoes
  3 wargs (Orc:2)
  4 acid dragons
  20 water moccasins
  4 black bears
  39 orc warriors
  3 ice beasts
  3 sky beasts
  14 ogres
  4 centaurs
  17 wolves
  2 phantoms
  5 kobold brigands
  An elf zombie (D:7)
  2 gnoll sergeants
  14 bullfrogs
  2 necrophages
  A deep troll simulacrum (Snake:1)
  2 elf skeletons (D:7)
  2 scorpions
  5 wights (D:5)
  7 killer bees
  A lindwurm simulacrum (Snake:1)
  3 howler monkeys
  7 electric eels
  10 orc priests
  7 hounds
  A jelly (D:5)
  A gnoll bouda (D:6)
  Crazy Yiuf (D:6)
  An iguana (D:5)
  A human skeleton (D:7)
  16 orc wizards
  A mummy (Ossuary)
  10 adders
  12 gnolls
  7 worms
  2 dart slugs
  124 orcs
  6 ball pythons
  A bat (D:1)
  11 endoplasms
  8 giant cockroaches
  7 goblins
  7 hobgoblins
  2 jackals (D:5)
  43 kobolds
  4 quokkas
  4 frilled lizards
  8 gnoll skeletons (Ossuary)
  9 kobold skeletons (Ossuary)
  8 orc skeletons (Ossuary)
  2 orc zombies (D:7)
  2 rats (D:3)
766 creatures vanquished.

Vanquished Creatures (others)
  20 ball lightnings
  A bush (Lair:5)
  27 fungi
  76 plants
124 creatures vanquished.

Grand Total: 890 creatures vanquished

Notes
Turn   | Place    | Note
-------+----------+-------------------------------------------
     0 | D:1      | Decritt the Tengu Air Elementalist began the quest for the
                  | Orb.
     0 | D:1      | Reached XP level 1. HP: 10/10 MP: 4/4
   179 | D:1      | Reached skill level 1 in Fighting
   179 | D:1      | Reached XP level 2. HP: 16/16 MP: 4/6
   661 | D:1      | Found a faded altar of an unknown god.
  1243 | D:2      | Reached XP level 3. HP: 20/20 MP: 5/7
  1451 | D:2      | Reached skill level 5 in Air Magic
  1797 | D:2      | Reached XP level 4. HP: 26/26 MP: 2/8
  1997 | D:2      | Found a shimmering blue altar of Sif Muna.
  2801 | D:3      | Found an ancient bone altar of Kikubaaqudgha.
  2968 | D:3      | Gained mutation: Your magical nature lets you fly swiftly
                  | and evasively. [Tengu growth]
  2968 | D:3      | Reached XP level 5. HP: 32/32 MP: 9/9
  3059 | D:3      | Found a sacrificial altar of Ru.
  3059 | D:3      | Found a shimmering altar of Xom.
  3393 | D:3      | Reached skill level 6 in Air Magic
  3690 | D:3      | Learned a level 4 spell: Airstrike
  3694 | D:3      | Learned a level 3 spell: Swiftness
  4032 | D:4      | Noticed a phantom
  4050 | D:4      | Killed a phantom
  4312 | D:4      | Reached XP level 6. HP: 38/38 MP: 10/10
  4422 | D:4      | Noticed a sky beast
  4682 | D:4      | Reached skill level 7 in Air Magic
  4802 | D:4      | Found a runed translucent door.
  4802 | D:4      | Noticed niknal's ghost (amateur TrWr)
  4914 | D:4      | Found a staircase to the Ecumenical Temple.
  4920 | Temple   | Entered the Ecumenical Temple
  5085 | Temple   | Became a worshipper of Vehumet
  5347 | D:4      | Killed a sky beast
  5348 | D:4      | Reached XP level 7. HP: 44/44 MP: 3/12
  6446 | D:2      | HP: 2/44 [poisoned by a kobold brigand]
  7239 | D:5      | Entered Level 5 of the Dungeon
  7338 | D:5      | Reached skill level 5 in Fighting
  7459 | D:5      | Reached * piety under Vehumet
  7459 | D:5      | Offered knowledge of Freeze by Vehumet.
  7535 | D:5      | Found a burning altar of Makhleb.
  7648 | D:4      | Reached skill level 1 in Armour
  7648 | D:4      | Reached skill level 8 in Air Magic
  7931 | D:5      | Reached XP level 8. HP: 49/49 MP: 9/14
  8319 | D:5      | Reached skill level 9 in Air Magic
  9129 | D:5      | HP: 1/51 [black bear (5)]
  9485 | D:6      | Found Ysabrin's Armour Shop.
  9733 | D:6      | Bought a +0 pair of gloves for 58 gold pieces
 10344 | D:5      | Reached skill level 10 in Air Magic
 10344 | D:5      | Reached XP level 9. HP: 23/55 MP: 6/15
 11021 | D:6      | Reached ** piety under Vehumet
 11021 | D:6      | Offered knowledge of Magic Dart by Vehumet.
 11258 | D:6      | Reached skill level 5 in Dodging
 11432 | D:6      | Found a runed translucent door.
 11433 | D:6      | Noticed Crazy Yiuf
 11437 | D:6      | Killed Crazy Yiuf
 11508 | D:6      | Reached skill level 5 in Armour
 11961 | D:7      | Reached skill level 1 in Shields
 11961 | D:7      | Reached skill level 5 in Spellcasting
 12291 | D:7      | Found a sand-covered staircase.
 12317 | Ossuary  | Entered an ossuary
 12530 | Ossuary  | Offered knowledge of Mephitic Cloud by Vehumet.
 12556 | Ossuary  | Reached *** piety under Vehumet
 13424 | D:7      | Reached XP level 10. HP: 61/61 MP: 12/20
 13670 | D:7      | Found an ornate altar of the Wu Jian Council.
 13772 | D:8      | Found Zellecvo's General Store.
 13775 | D:8      | Bought a potion of brilliance for 48 gold pieces
 13775 | D:8      | Bought a scroll of fog for 48 gold pieces
 13775 | D:8      | Bought a potion of curing for 36 gold pieces
 14664 | D:8      | Identified the +4 ring mail "Tijeplogh" {rElec rN+ Dex-5}
 15241 | D:8      | Found Ceddewinn's Distillery.
 15269 | D:8      | Reached skill level 11 in Air Magic
 15299 | D:8      | Offered knowledge of Inner Flame by Vehumet.
 15646 | D:8      | Found Seachof's Weapon Boutique.
 15825 | D:8      | Found Wirun's Armour Shop.
 16784 | D:9      | Noticed Erolcha
 16784 | D:9      | Noticed Maurice
 17399 | D:8      | Killed Erolcha
 18015 | D:9      | Killed Maurice
 18298 | D:9      | Noticed Joseph
 18569 | D:9      | Killed Joseph
 19597 | D:10     | Entered Level 10 of the Dungeon
 19878 | D:9      | Reached XP level 11. HP: 62/68 MP: 8/21
 19884 | D:9      | Reached skill level 5 in Shields
 20026 | D:8      | Reached **** piety under Vehumet
 20160 | D:9      | Reached skill level 12 in Air Magic
 20894 | D:10     | Offered knowledge of Iskenderun's Mystic Blast by Vehumet.
 21933 | D:11     | Noticed a manticore
 21940 | D:11     | Killed a manticore
 22100 | D:11     | Noticed a two-headed ogre
 22104 | D:11     | Killed a two-headed ogre
 22431 | D:10     | Reached skill level 13 in Air Magic
 22631 | D:10     | Noticed Josephine
 22649 | D:9      | Killed Josephine
 23178 | D:10     | Found a staircase to the Lair.
 23361 | D:10     | Reached XP level 12. HP: 62/74 MP: 5/24
 24139 | D:8      | Bought a +2 robe of the Archmagi for 452 gold pieces
 24459 | D:11     | Reached skill level 14 in Air Magic
 24798 | D:11     | Noticed a boulder beetle
 24831 | D:11     | Killed a boulder beetle
 25286 | Lair:1   | Entered Level 1 of the Lair of Beasts
 25573 | Lair:1   | Noticed an eight-headed hydra
 25578 | Lair:1   | Killed an eight-headed hydra
 25579 | Lair:1   | Reached skill level 10 in Dodging
 26215 | Lair:1   | Reached skill level 15 in Air Magic
 26528 | Lair:1   | Identified the +1 robe of the Hart {rPois rN+++ Will+ Int-2
                  | SInv}
 27069 | Lair:2   | Noticed a death yak
 27069 | Lair:2   | Noticed a death yak
 27069 | Lair:2   | Noticed a death yak
 27070 | Lair:2   | Noticed a death yak
 27075 | Lair:1   | Killed a death yak
 27199 | Lair:1   | Killed a death yak
 27457 | Lair:1   | Killed a death yak
 27600 | Lair:1   | Killed a death yak
 27787 | Lair:2   | Reached XP level 13. HP: 80/80 MP: 5/26
 28238 | Lair:2   | Reached skill level 16 in Air Magic
 28524 | Lair:2   | Noticed Maggie
 28528 | Lair:2   | Killed Maggie
 28938 | Lair:2   | Found a staircase to the Shoals.
 28978 | Lair:2   | Identified the +2 dagger of the Gibberer {drain, Fragile
                  | Fly rPois rC++ Str+2}
 29408 | Lair:3   | Found a staircase to the Snake Pit.
 30346 | Lair:3   | Reached ***** piety under Vehumet
 30741 | Lair:4   | Offered knowledge of Conjure Ball Lightning by Vehumet.
 30871 | Lair:4   | Learned a level 6 spell: Conjure Ball Lightning
 31110 | Lair:4   | Reached skill level 10 in Fighting
 31907 | Lair:4   | Reached skill level 17 in Air Magic
 32959 | Lair:4   | Found a runed translucent door.
 32959 | Lair:4   | Found a staircase to the Slime Pits.
 32959 | Lair:4   | Noticed an azure jelly
 33514 | Lair:5   | Entered Level 5 of the Lair of Beasts
 34061 | Lair:5   | Reached skill level 18 in Air Magic
 34403 | Lair:5   | Reached skill level 10 in Spellcasting
 34471 | Lair:5   | Reached XP level 14. HP: 88/88 MP: 11/29
 35849 | Lair:5   | Reached skill level 19 in Air Magic
 36590 | Lair:5   | Offered knowledge of Lightning Bolt by Vehumet.
 38594 | D:12     | Noticed Sonja
 38596 | D:12     | Killed Sonja
 39041 | D:12     | Reached skill level 20 in Air Magic
 39340 | D:12     | Noticed Lodul
 39350 | D:12     | Offered knowledge of Ozocubu's Refrigeration by Vehumet.
 39679 | D:11     | Killed Lodul
 40121 | D:12     | Found a staircase to the Orcish Mines.
 40391 | D:12     | Noticed Frances
 40976 | D:12     | Reached XP level 15. HP: 92/92 MP: 24/30
 42610 | D:12     | Killed Frances
 42851 | D:12     | Noticed a fire giant
 42852 | D:12     | Noticed a storm dragon
 42854 | D:12     | Noticed a frost giant
 43309 | D:12     | Killed a storm dragon
 43531 | D:12     | HP: 4/92 [fire giant/bolt of fire (44)]
 43532 | D:12     | Killed a fire giant
 43895 | D:12     | Killed a frost giant
 44168 | D:12     | Identified the ring of the Living God {rF+ Str+7 Stlth+}
 45007 | D:13     | Paralysed by an ogre mage for 4 turns
 45257 | D:13     | Found Casmudun's General Store.
 45554 | D:13     | Found a gate to the Vaults.
 45578 | D:13     | Reached skill level 21 in Air Magic
 45796 | Orc:1    | Entered Level 1 of the Orcish Mines
 45885 | Orc:1    | Reached ****** piety under Vehumet
 45929 | Orc:1    | Found Rurhy's Jewellery Emporium.
 45950 | Orc:1    | Noticed Harold
 45954 | Orc:1    | Killed Harold
 46247 | Orc:2    | Entered Level 2 of the Orcish Mines
 46559 | Orc:2    | Paralysed by an orc sorcerer for 5 turns
 47083 | Orc:2    | Found Peto's Armour Boutique.
 47083 | Orc:2    | Found Daxt's Antique Armour Emporium.
 47171 | Orc:2    | Offered knowledge of Spellforged Servitor by Vehumet.
 47453 | Orc:2    | Reached XP level 16. HP: 97/97 MP: 18/32
 47517 | Orc:2    | Found a staircase to the Elven Halls.
 47882 | Orc:2    | Found Hiyvie's Weapon Boutique.
 47882 | Orc:2    | Found Poro's General Store.
 47897 | Orc:2    | Bought a scroll of teleportation for 39 gold pieces
 48329 | Snake:1  | Entered Level 1 of the Snake Pit
 48499 | Snake:1  | HP: 3/97 [deep troll simulacrum (7)]
 48609 | Snake:1  | Found a frozen archway.
 48617 | IceCv    | Entered an ice cave
 48920 | IceCv    | Killed from afar by an ironbound frostheart

Illustrated notes

Levels and vault maps discovered:
D:1:      psy_arrival_heroes, layout_basic, basic_ecumenical_altar,
          nicolae_concentric_dashed_squares_mild
D:2:      layout_basic, basic_altar, minmay_misc_feat_tower, minmay_cut_off
D:3:      layout_basic, nicolae_kikubaaqudgha_miasma_corner,
          gammafunk_temple_overflow_statue, small_statue_alley_b, minivault_24
D:4:      kennysheep_kobold_camp, layout_loops_ring,
          minmay_temple_entry_drinking_statues, hellmonk_ghost_happy_afterlife,
          nicolae_concentric_dashed_squares_wild,
          amcnicky_mini_rare_corridor_liquid, nicolae_wormholes
D:5:      layout_basic, mainiacjoe_overflow_tiny_flanked
D:6:      layout_basic, serial_shops, shop, uniq_crazy_yiuf_cottage
D:7:      layout_loops_ring, nzn_wu_jian_contemplation,
          nicolae_ossuary_entry_catacombs, minmay_door_square
D:8:      layout_basic, special_room [special_room_orc], serial_shops,
          shop_fountains, nicolae_shop_advertising_works
          [nicolae_subvault_shop_adworks], nicolae_stop_n_shop_1,
          kennysheep_mini
D:9:      layout_loops_ring, minmay_between, uniq_erolcha, uniq_joseph,
          uniq_maurice
D:10:     layout_basic, erik_lair_island, eino_small_chamber_without_monster,
          uniq_josephine
D:11:     layout_irregular_city
D:12:     minmay_nested_s, layout_irregular_city, erik_orc_2, uniq_frances,
          uniq_lodul, uniq_sonja
D:13:     layout_small_grid, grunt_vaults_entry_fortified, serial_shops, shop
Temple:   bh_familiar_temple
Lair:1:   layout_cellular_growth, chequers_serial_rivers_micro_e,
          serial_bayou_shore_a
Lair:2:   layout_cave_shapes, minmay_shoals_entry_lonely_mermaid,
          gauntlet_entry_generic, st_stairs_13, uniq_maggie
Lair:3:   layout_gridlike, dummy_snake_entry
Lair:4:   layout_concentric_octagons, slime_entry_2, grunt_megastairs_3,
          lemuel_fruit_tree, infiniplex_staircase_pool_2
Lair:5:   evilmike_catoblepas_cave, layout_cave_pods
Snake:1:  layout_layer_cave, basic_altar, serial_shops, shop,
          portal_ice_cave_entry_ice_simulacra, serial_bayou_ford_a
Orc:1:    layout_caves, serial_shops, shop, uniq_harold
Orc:2:    st_orc_town, layout_diamond_mine
IceCv:    ice_cave_small_giant

Skill      XL: |  1  2  3  4  5  6  7  8  9 10 11 12 13 14 15 16 |
---------------+-------------------------------------------------+-----
Fighting       | 1 2 3 4 5 6 7 8 9 10 | 10.0
Air Magic      | 5 6 7 8 10 11 13 15 18 20 21 | 21.3
Dodging        | 3 4 5 7 9 10 12 13 14 | 14.5
Spellcasting   | 3 6 7 8 10 11 | 11.9
Armour         | 1 4 5 |  5.5
Shields        | 2 4 5 8 9 |  9.6
Conjurations   | 4 |  4.1
Stealth        | |  2.0

Action                   |  1- 3 |  4- 6 |  7- 9 | 10-12 | 13-15 | 16-18 || total
-------------------------+-------+-------+-------+-------+-------+-------++-------
Melee: Unarmed           |     4 |       |       |       |       |       ||     4
       Dagger            |     6 |     7 |       |       |   192 |    18 ||   223
       Peck              |     2 |     3 |    22 |    30 |    54 |     9 ||   120
       Kick              |       |     6 |    40 |    46 |    85 |    14 ||   191
       Falchion          |       |    14 |     8 |       |       |       ||    22
       Punch             |       |     1 |     1 |       |       |       ||     2
       Short sword       |       |       |    18 |       |       |       ||    18
       Morningstar       |       |       |   101 |   139 |     6 |       ||   246
Throw: Boomerang         |    18 |    35 |    59 |       |       |       ||   112
       Javelin           |       |       |       |    21 |    28 |       ||    49
 Cast: Shock             |    60 |   141 |   134 |    80 |     1 |       ||   416
       Airstrike         |       |     2 |    79 |   355 |   886 |   126 ||  1448
       Swiftness         |       |     1 |       |     2 |       |       ||     3
       Conjure Ball Ligh |       |       |       |       |     8 |       ||     8
  Use: Scroll            |       |     3 |    11 |    10 |    16 |     2 ||    42
       Potion            |       |     1 |     7 |     2 |     5 |     4 ||    19
 Stab: Sleeping          |     1 |       |       |       |       |       ||     1
Armor: Robe              |     2 |    13 |     8 |    12 |    81 |     8 ||   124
       Leather armour    |       |       |    37 |       |       |       ||    37
       Ring mail         |       |       |       |    71 |       |       ||    71
       Scale mail        |       |       |       |     6 |       |       ||     6
Dodge: Dodged            |    15 |    66 |   217 |   515 |   567 |    37 ||  1417
Block: Buckler           |       |       |    29 |   174 |   136 |       ||   339
       Kite shield       |       |       |       |       |   123 |    47 ||   170

Table legend: (Time is in decaauts)
 A = Elapsed time spent in this place.
 B = Non-inter-level travel time spent in this place.
 C = Inter-level travel time spent in this place.
 D = Time resting spent in this place.
 E = Time spent auto-exploring this place.
 F = Levels seen in this place.
 G = Mean time per level.
                   A        B        C        D        E       F      G
               +--------+--------+--------+--------+--------+-----+--------+
         Total |  47548 |  46235 |   1313 |  19413 |  19379 |  24 | 1981.2 |
       Dungeon |  31401 |  30466 |    935 |  13029 |  12475 |  13 | 2415.5 |
        Temple |    176 |    151 |     25 |      0 |    142 |   1 |  176.0 |
          Lair |  12794 |  12472 |    322 |   5572 |   5182 |   5 | 2558.8 |
     Snake Pit |    283 |    283 |      0 |    164 |      0 |   1 |  283.0 |
  Orcish Mines |   2224 |   2194 |     30 |    333 |   1458 |   2 | 1112.0 |
       Ossuary |    366 |    366 |      0 |     65 |    112 |   1 |  366.0 |
      Ice Cave |    301 |    301 |      0 |    249 |      7 |   1 |  301.0 |
               +--------+--------+--------+--------+--------+-----+--------+

Top non-repeatable levels by time:
    D:12: 4332 daAuts
  Lair:5: 3913 daAuts
     D:8: 3770 daAuts
     D:9: 3477 daAuts
  Lair:4: 3341 daAuts
    D:11: 2739 daAuts
  Lair:1: 2712 daAuts
     D:5: 2657 daAuts
     D:4: 2430 daAuts
    D:10: 2401 daAuts
     D:6: 1903 daAuts
     D:3: 1826 daAuts
   Orc:2: 1783 daAuts
     D:2: 1686 daAuts
     D:7: 1614 daAuts
